AoeStats
← Profucius9933

Arabia

510235001Analyzed
2v2 RM · 1d ago on Sep 30, 2026· 77m 44s· 4 players
Game mode
Random Map
Map size
Medium (4 player)
Population
200
Speed
Normal
Resources
Standard
Victory
Conquest
Starting age
Dark Age
Ending age
Imperial Age
RankedLock teamsTeams togetherTeam positionsShared explorationLock speedFull tech treeHidden civsTurbo modeCheats
Victory
Defeat
🇨🇦 Malay · Canada
867
+17
🇨🇦 Franks · Canada
867
+17
🇺🇸 Sicilians · United States
905
-17
🇺🇸 Goths · United States
881
-17
Mohammad Shah
0:29 Loom
11:33 Feudal Age
13:24 Man-at-Arms
15:34 Horse Collar
18:05 Forging
18:01 Scale Barding Armor
22:27 Fletching
22:38 Padded Archer Armor
27:19 Castle Age
26:35 Town Watch
27:36 Husbandry
29:02 Iron Casting
28:44 Double-Bit Axe
32:32 Thumb Ring
33:24 Squires
33:10 Arson
35:07 Long Swordsman
38:40 Wheelbarrow
42:04 Hand Cart
46:15 Town Patrol
46:12 Long Swordsman
46:12 Pikeman
50:25 Imperial Age
49:15 Heavy Plow
50:56 Forced Levy
50:28 Elite Karambit Warrior
52:24 Two-Handed Swordsman
57:39 Elite Battle Elephant
59:07 Halberdier
59:49 Bodkin Arrow
66:27 Blast Furnace
65:44 Leather Archer Armor
70:13 Conscription
69:57 Bracer
70:28 Ring Archer Armor
76:13 Caravan
GreatCyrus1404
8:04 Loom
10:37 Feudal Age
11:08 Double-Bit Axe
18:42 Padded Archer Armor
20:12 Fletching
25:30 Scale Barding Armor
25:35 Forging
29:06 Castle Age
28:41 Wheelbarrow
27:52 Town Watch
29:04 Scale Mail Armor
30:08 Elite Skirmisher
44:16 Hand Cart
45:01 Gold Mining
52:28 Imperial Age
51:54 Gold Shaft Mining
59:22 Husbandry
58:43 Cavalier
61:35 Light Cavalry
61:59 Elite Throwing Axeman
64:27 Chain Barding Armor
68:00 Plate Barding Armor
68:00 Chain Mail Armor
71:41 Paladin
71:48 Pikeman
72:28 Squires
73:10 Halberdier
75:34 Iron Casting
75:29 Plate Mail Armor
jkulik11
1:35 Loom
2:04 Loom
10:29 Feudal Age
11:56 Horse Collar
12:09 Double-Bit Axe
12:08 Horse Collar
12:34 Man-at-Arms
15:56 Forging
17:52 Scale Mail Armor
23:39 Castle Age
24:58 Iron Casting
24:20 Long Swordsman
25:30 Bow Saw
25:34 Heavy Plow
26:15 Squires
31:24 Pikeman
44:01 Imperial Age
42:04 Chain Mail Armor
42:05 Anarchy
44:38 Halberdier
44:53 Capped Ram
46:59 Conscription
48:02 Wheelbarrow
49:17 Two-Man Saw
65:59 Two-Handed Swordsman
Profucius9933
11:52 Feudal Age
13:07 Double-Bit Axe
13:08 Horse Collar
14:19 Loom
18:34 Forging
22:06 Arson
24:19 Scale Mail Armor
28:41 Castle Age
27:19 Wheelbarrow
30:49 Pikeman
32:28 Iron Casting
32:08 Chain Mail Armor
31:45 Fletching
31:55 Padded Archer Armor
33:13 Elite Skirmisher
37:56 Bodkin Arrow
38:17 Leather Archer Armor
43:08 Imperial Age
40:55 Hand Cart
41:29 Caravan
45:04 Scale Barding Armor
46:00 Blast Furnace
45:31 Plate Mail Armor
46:25 First Crusade
45:32 Elite Serjeant
46:48 Chain Barding Armor
47:39 Cavalier
48:20 Husbandry
48:31 Bloodlines
48:46 Heavy Plow
48:58 Bow Saw
48:16 Light Cavalry
50:09 Gold Mining
52:27 Plate Barding Armor
52:25 Hauberk
52:52 Crop Rotation
55:44 Halberdier
78:05 Plate Mail Armor
Connection lost

Rejoining the realm…

Still unreachable

The connection could not be restored.

Session expired

The server has moved on; the page needs a fresh start.